 Dungeon Crawl Stone Soup version 0.13-a0-2676-gd993d8a (webtiles) character file.

417423 JacquesDerrida the Shatterer (level 21, -5/177 HPs)
             Began as a Demigod Skald on Aug 12, 2013.
             Killed from afar by a dryad (7 damage)
             ... awoken angry trees
             ... on Level 5 of the Enchanted Forest.
             The game lasted 06:00:31 (78889 turns).

JacquesDerrida the Shatterer (Demigod Skald)       Turns: 78889, Time: 06:00:31

HP  -5/177       AC 26     Str 18      XL: 21   Next: 59%
MP  26/39        EV 18     Int 29      God:
Gold 1329        SH 19     Dex 17      Spells: 12 memorised,  7 levels left

Res.Fire  : + + +   See Invis. : +   T - +5,+4 demon whip (flame)
Res.Cold  : . . .   Warding    : .   B - +2 fire dragon armour
Life Prot.: . . .   Conserve   : .   c - +2 buckler {rF+}
Res.Poison: .       Res.Corr.  : .   q - +0 dwarf helmet {SInv}
Res.Elec. : .       Clarity    : .   I - +1 elf cloak
Sust.Abil.: . .     Spirit.Shd : .   v - +0 pair of gloves of the Hart {MR++ Dam+6}
Res.Mut.  : .       Stasis     : .   Q - +1 pair of dwarf boots
Res.Rott. : .       Flight     : .   g - amulet of the gourmand
Gourmand  : +                        N - +0,+9 ring of slaying
                                     t - ring "Gogot" {rC+ EV+4 Int+1}

@: repel missiles, very slightly contaminated, hasted, very quick, extremely
resistant to hostile enchantments, extremely unstealthy
A: AC +2, SH +2
a: no special abilities
}: 2/15 runes: barnacled, gossamer


You were on level 5 of the Enchanted Forest.
You were very full.

You visited 9 branches of the dungeon, and saw 56 of its levels.
You also visited: Labyrinth and Sewer.

You collected 5980 gold pieces.
You spent 4671 gold pieces at shops.

Inventory:

Hand weapons
 a - a +2,+5 dwarven great mace of holy wrath
 b - a +5,+3 great mace of crushing
 y - a cursed +0 blowgun
 T - a +5,+4 demon whip of flaming (weapon)
Missiles
 K - 5 needles of confusion
 U - 19 curare-tipped needles
Armour
 c - a +2 buckler of fire resistance (worn)
 k - a +2 buckler of reflection
 q - a +0 dwarven helmet of see invisible (worn)
 v - the +0 pair of gloves of the Hart (worn) {MR++ Dam+6}
   (You bought it in a shop on level 17 of the Dungeon)

   It affects your damage-dealing abilities (+6).
   It affects your resistance to hostile enchantments.
 B - a +2 fire dragon armour (worn)
 I - a +1 elven cloak (worn)
 Q - a +1 pair of dwarven boots (worn)
Magical devices
 h - a wand of invisibility (2)
 i - a wand of fire (7)
 n - a wand of disintegration (7)
 o - a wand of disintegration (3)
 r - a wand of teleportation (6)
 z - a wand of draining (10)
 G - a wand of digging (9)
Comestibles
 d - 8 bread rations
 R - a meat ration
Scrolls
 e - 6 scrolls of teleportation
 f - 3 scrolls of fear
 u - 2 scrolls of recharging
 D - 9 scrolls of remove curse
 M - 8 scrolls of identify
 V - a scroll of enchant weapon I
 W - 4 scrolls of fog
 Y - a scroll of magic mapping
Jewellery
 g - an amulet of the gourmand (around neck)
 j - an uncursed amulet of resist mutation {unknown}
 l - a cursed +4 ring of protection
 s - an uncursed ring of protection from cold
 t - the ring "Gogot" (left hand) {rC+ EV+4 Int+1}
   (You found it on level 2 of the Lair of Beasts)

   [ring of evasion]

   It affects your evasion (+4).
   It affects your intelligence (+1).
   It protects you from cold.
 x - a +6 ring of strength {unknown}
 J - the amulet of Opaz {Cons +Rage SInv}
   (You took it off a deep elf conjurer on level 3 of the Elven Halls)

   [amulet of conservation]

   It enhances your eyesight.
   It lets you go berserk.
 N - a +0,+9 ring of slaying (right hand)
 S - an uncursed amulet of clarity
Potions
 m - 5 potions of speed
 p - 4 potions of curing
 A - a potion of invisibility
 H - 4 potions of might
 L - 3 potions of restore abilities
 O - 2 potions of berserk rage
 P - 6 potions of agility
 X - a potion of resistance
Books
 w - a Young Poisoner's Handbook

   Spells                             Type                      Level
   Sting                              Conjuration/Poison           1
   Cure Poison                        Poison                       2
   Mephitic Cloud                     Conjuration/Poison/Air       3
   Olgreb's Toxic Radiance            Poison                       4
   Venom Bolt                         Conjuration/Poison           5
Miscellaneous
 C - a lamp of fire (inert)
 E - a phial of floods
 F - a phial of floods


   Skills:
 - Level 14.0 Fighting
 - Level 21.0 Maces & Flails
 - Level 4.1 Throwing
 - Level 14.7 Armour
 - Level 11.3 Dodging
 - Level 11.1 Shields
 - Level 10.9 Spellcasting
 - Level 7.3 Hexes
 - Level 13.0 Charms
 - Level 7.2 Air Magic
 + Level 2.1 Evocations


You had 7 spell levels left.
You knew the following spells:

 Your Spells              Type           Power        Failure   Level  Hunger
a - Infusion              Chrm           ######       1%          1    None
b - Spectral Weapon       Hex/Chrm       ######..     1%          3    None
c - Shroud of Golubria    Chrm/Tloc      ######....   1%          2    None
d - Regeneration          Chrm/Necr      ######....   1%          3    None
e - Blink                 Tloc           N/A          12%         2    None
f - Apportation           Tloc           ###.......   10%         1    None
g - Haste                 Chrm           ######..     6%          6    #####..
h - Swiftness             Chrm/Air       ######....   1%          2    None
i - Repel Missiles        Chrm/Air       ######....   1%          2    None
k - Flight                Chrm/Air       ######....   1%          3    None
l - Control Teleport      Chrm/Tloc      ######....   6%          4    None
m - Silence               Hex/Air        ######....   10%         5    ##.....


Dungeon Overview and Level Annotations

Branches:
Dungeon (21/27)            Temple (0/1) D:4             Orc (4/4) D:10
    Elf (3/3) Orc:4          Lair (8/8) D:11         Shoals (5/5) Lair:3
 Spider (5/5) Lair:5        Slime (0/6) Lair:8       Vaults (4/5) D:20
  Blade (1/1) Vaults:3       Tomb (0/3) Forest:2     Forest (5/5) Vaults:2

Shops:
D:15: !**} D:16: + D:17: [ D:20: ( Orc:3: ( Orc:4: +?%= Shoals:1: * Shoals:2: + Shoals:4: ( Shoals:5: * Vaults:2: +=/ Vaults:4: ?!

Portals:
Hell: D:21
Abyss: D:21
Trove: D:14 (give +4 ice dragon armour)

Annotations
D:5 exclusion: jelly
D:6 Rycklaryybbe's ghost, experienced DrTm
D:14 Nikola
Elf:2 exclusion: Roxanne, Roxanne
Forest:5 the Enchantress


Innate Abilities, Weirdness & Mutations

You are partially covered in large bone plates (AC +2, SH +2).


Message History

You resist.
Drink which item? (? for menu, Esc to quit)
Okay, then.
Read which item? (? for menu, Esc to quit)
Okay, then.
Read which item? (? for menu, Esc to quit)
As you read the scroll of fear, it crumbles to dust.
You assume a fearsome visage.
The Enchantress is unaffected.
The spriggan defender struggles to resist.
The spriggan defender easily resists.
The spriggan air mage easily resists.
Tree limbs sway around you. A root smacks you from below.
* * * LOW HITPOINT WARNING * * *
The spriggan defender hits you but does no damage.
The spriggan defender hits you with a runed flail!
* * * LOW HITPOINT WARNING * * *
The spriggan defender turns to fight!
Unknown command.
A tree reaches out and hits you!
You die...

♣♣w...♣.♣♣.... ♣♣...
♣♣♣..i.§..♣♣ ♣♣...
♣♣♣i♣R§E♣♣♣ ♣♣...
♣♣♣♣i♣♣♣♣♣♣ ♣♣...
♣♣♣♣..♣♣♣ ♣♣ ♣♣...
♣♣♣.i.♣♣♣ ♣♣...
♣...ii.♣♣ ♣♣...
♣.♣♣...♣♣ ♣♣...
♣♣♣.@♣..♣♣ ♣♣...
♣♣♣...♣♣♣♣ ♣♣♣..
♣....♣♣♣♣♣ ♣♣♣♣.
♣......♣♣♣♣♣♣♣♣♣♣♣♣♣♣
♣♣......♣♣♣♣♣♣♣♣♣♣♣♣♣
♣♣.........♣♣♣♣.♣♣ ♣
♣♣♣...♣.....♣♣..♣♣
♣♣♣..!♣♣♣♣.....♣♣♣♣
♣♣♣....♣.......♣♣♣


You could see the Enchantress, 3 spriggan defenders, a spriggan air mage and a
spriggan (fleeing).

Vanquished Creatures
  Sojobo (Forest:4)
  Margery (D:20)
  Norris (Spider:2)
  Frederick (Vaults:3)
  6 thorn hunters
  2 deep elf master archers (Elf:3)
  A deep elf blademaster (Elf:3)
  A kraken (Shoals:5)
  Polyphemus (Shoals:4)
  A storm dragon (Vaults:1)
  A sphinx (Vaults:2)
  Agnes (D:19)
  Frances (Shoals:3)
  3 tengu reavers
  Kirke (Spider:3)
  Ilsuiw (Shoals:5)
  2 ghost moths (Spider:5)
  Donald (Elf:2)
  3 vault wardens
  Wiglaf (Forest:1)
  Maud (Elf:1)
  4 deep elf sorcerers (Elf:3)
  Aizul (Elf:1)
  Louise (Spider:4)
  5 emperor scorpions
  Jorgrun (Forest:4)
  11 ancient bears
  5 treants
  8 stone giants
  4 deep elf demonologists
  7 spriggan defenders
  2 apis
  The ghost of oinker the Severer, a powerful MiGl of Okawaru (Lair:7)
  10 deep elf annihilators (Elf:3)
  6 satyrs
  5 elemental wellsprings
  A merfolk javelineer (Shoals:5)
  10 spriggan air magi
  4 dire elephants
  An ettin (Vaults:3)
  4 deep elf death magi (Elf:3)
  2 sirens
  3 minotaurs
  4 dragons
  7 merfolk impalers
  A great orb of eyes (Vaults:2)
  7 deep elf high priests
  Fannar (Lair:3)
  Josephine (D:10)
  13 hydras
  15 yaktaur captains
  A human zombie (D:20)
  3 ironheart preservers
  An ice dragon (Vaults:4)
  3 merfolk aquamancers
  A ravenous feature mimic (Forest:5)
  A deep troll shaman (Lair:8)
  A spectral elf (Elf:3)
  Erica (D:10)
  3 spriggan assassins (Forest:5)
  2 alligator snapping turtles
  9 death yaks
  A deep troll earth mage (Vaults:4)
  8 ogre magi
  11 spriggan berserkers
  19 dancing weapons
  4 spriggan druids
  7 spriggan enchanters
  3 anacondas
  A rakshasa (D:16)
  5 very ugly things (Vaults:4)
  Urug (D:12)
  7 orc high priests
  17 centaur warriors
  2 soul eaters
  Nergalle (D:10)
  A sun demon (Elf:3)
  16 water nymphs
  2 catoblepae
  15 deep elf knights
  5 hell knights (D:20)
  3 iron trolls
  4 wizards
  8 sea snakes
  5 large abominations (Elf:2)
  2 shadow demons (Elf:1)
  2 storm dragon skeletons (Vaults:2)
  5 unseen horrors
  6 skeletal warriors
  2 ice devils
  A fire crab (Vaults:1)
  3 deep trolls (Vaults:4)
  2 deep trolls (shapeshifter)
  9 hill giants
  A sphinx zombie (D:19)
  Pikel (D:7)
  10 dryads
  10 ironbrand convokers
  6 giant amoebae
  A wolf spider zombie (D:18)
  20 orc knights
  Joseph (D:11)
  26 wolf spiders
  29 fauns
  9 griffons
  9 harpies
  3 oklob plants
  11 red wasps
  14 deep elf conjurers
  3 stone giant zombies
  A shadow dragon skeleton (Vaults:2)
  10 cyclopes
  A fire giant zombie (Vaults:3)
  2 necromancers
  A red wasp (shapeshifter) (Vaults:2)
  A sphinx skeleton (D:18)
  9 small abominations
  5 sixfirhies
  5 orc sorcerers
  2 frost giant skeletons (Vaults:3)
  A moth of wrath (Spider:5)
  3 black mambas
  5 stone giant skeletons
  2 spiny worms
  6 elephants (Lair:8)
  A feature mimic (Elf:3)
  2 fire giant skeletons
  8 deep elf summoners
  7 vault sentinels
  4 spirit wolves (Forest:5)
  2 spiny frogs
  15 mermaids
  A brown ooze (shapeshifter) (Vaults:2)
  2 hellwings
  12 komodo dragons
  26 giant fireflies
  A yaktaur (shapeshifter) (Elf:3)
  16 yaktaurs
  2 fire drakes
  A guardian mummy (Forest:2)
  A hydra zombie (D:15)
  40 spriggans
  13 trolls
  7 deep elf priests
  13 demonic crawlers
  A polar bear (shapeshifter) (D:14)
  3 iron troll skeletons
  14 orb spiders
  4 iron devils
  A queen bee (Forest:3)
  3 red devils
  25 thorn lotuses
  Sonja (D:13)
  5 polar bears
  15 two-headed ogres
  7 wind drakes
  51 slime creatures
  A hydra skeleton (D:14)
  A boulder beetle (Spider:3)
  6 grizzly bears
  11 snapping turtles
  21 jumping spiders
  21 blink frogs
  A stone giant simulacrum (Vaults:2)
  5 basilisks
  2 ettin skeletons
  A ynoxinul (Orc:4)
  28 water elementals
  4 wyverns
  8 sharks
  30 tarantellas
  A hill giant zombie (D:9)
  74 ugly things
  2 vampires (Elf:1)
  32 redbacks
  14 trapdoor spiders
  19 air elementals
  A dragon skeleton (D:13)
  An elephant slug (Lair:7)
  46 yaks
  6 shadows
  17 deep elf magi
  A fire elemental (Vaults:2)
  Eustachio (D:9)
  2 chaos spawn
  2 wraiths
  9 hippogriffs
  28 wolves
  A spiny worm zombie (D:18)
  32 deep elf fighters
  32 vampire mosquitoes
  A hippogriff (shapeshifter) (D:16)
  2 hogs (Spider:3)
  A steam dragon (D:12)
  37 merfolk
  A hill giant skeleton (D:9)
  3 rock worms
  3 soldier ants
  A yak (shapeshifter) (Vaults:4)
  19 manticores
  3 mottled dragons
  A deep troll zombie (Vaults:2)
  4 necrophages
  3 deep troll skeletons
  2 ice beasts
  2 kobold demonologists (Elf:1)
  A black bear (shapeshifter) (Elf:2)
  53 orc warriors
  9 porcupines
  2 freezing wraiths
  2 sky beasts
  3 slaves (D:8)
  4 black bears
  A griffon simulacrum (D:16)
  11 yellow wasps
  37 ogres
  11 giant goldfish
  4 phantoms
  4 big kobolds
  30 centaurs
  5 rotting devils
  4 boring beetles
  12 crocodiles
  4 wargs
  A yaktaur zombie (D:13)
  9 giant slugs
  A gnoll sergeant (D:11)
  5 brain worms
  13 giant frogs
  A wyvern zombie (D:9)
  A cyclops zombie (D:12)
  A yaktaur skeleton (D:18)
  16 water moccasins
  A deep troll simulacrum (D:20)
  10 agate snails
  A manticore skeleton (D:12)
  A cyclops skeleton (D:14)
  2 troll zombies
  An eye of draining (D:13)
  4 hippogriff zombies
  3 boulder beetle zombies
  24 killer bees
  8 electric eels
  5 wights (D:13)
  11 jellyfish
  A goliath beetle (D:9)
  41 orc priests
  16 crimson imps
  A boring beetle zombie (D:18)
  A centaur zombie (D:11)
  13 hounds
  15 big fish
  7 scorpions
  3 quasits
  A komodo dragon simulacrum (D:10)
  26 spiders
  5 iguanas
  2 iron imps
  7 orange rats
  A cyclops simulacrum (D:10)
  A basilisk skeleton (D:16)
  2 boulder beetle simulacra
  24 orc wizards
  A yak simulacrum (D:10)
  20 sheep
  13 worker ants
  A mottled dragon zombie (D:17)
  3 jellies
  A killer bee zombie (D:9)
  2 mottled dragon skeletons
  2 big kobold skeletons
  2 boggarts (Elf:1)
  A hound zombie (D:7)
  A worker ant zombie (D:9)
  15 mummies
  11 gnolls
  16 adders
  25 green rats
  A lemure (Elf:3)
  7 giant centipedes
  5 giant mites
  2 worms
  15 ufetubi
  An iguana zombie (D:9)
  A giant centipede zombie (D:14)
  3 grey rats (Sewer)
  2 scorpion zombies
  2 giant eyeballs
  8 giant geckos
  2 oozes
  201 orcs
  A bat skeleton (D:6)
  11 giant cockroaches
  23 goblins
  15 hobgoblins
  22 jackals
  35 kobolds
  13 quokkas
  A ball python (D:4)
  24 bats
  6 giant newts
  2 giant spores
  29 illusory rakshasas (D:16)
  A kobold skeleton (D:5)
  An orc simulacrum (D:10)
  An orc skeleton (D:10)
  3 orc zombies
  A quokka zombie (D:9)
  24 rats
  5 spectral orcs (D:10)
  19 ballistomycetes
  2 briar patches (Forest:4)
  7 butterflies
  2 crawling corpses (Elf:3)
  A fungus (Elf:3)
  A snaplasher vine (Forest:5)
  A tentacle (Shoals:5)
2535 creatures vanquished.

Vanquished Creatures (collateral kills)
  A hill giant (Vaults:1)
  2 orb spiders (Spider:5)
  An air elemental (Forest:4)
  5 ugly things
  An orc warrior (Orc:4)
  2 orcs (Orc:4)
  A fungus (Lair:8)
13 creatures vanquished.

Vanquished Creatures (others)
  93 spectral weapons
  An air elemental (Vaults:2)
  A water elemental (Forest:3)
  3 fire elementals
  A yellow wasp (Spider:5)
  A warg (Elf:1)
  2 orcs (Vaults:1)
  A hobgoblin (D:6)
  A giant newt (Lair:2)
  A giant spore (D:15)
  A briar patch (Forest:4)
  4 fungi
  6 plants
  357 snaplasher vine segments
  29 tentacles (Shoals:5)
  119 tentacle segments (Shoals:5)
621 creatures vanquished.

Grand Total: 3169 creatures vanquished

Notes
Turn   | Place    | Note
--------------------------------------------------------------
     0 | D:1      | JacquesDerrida, the Demigod Skald, began the quest for the Orb.
     0 | D:1      | Reached XP level 1. HP: 16/16 MP: 5/5
   153 | D:1      | stonewall: Ты же только что 14 уровень был
   252 | D:1      | JacquesDerrida: Задрейнили!
   252 | D:1      | stonewall: аааааааааааааааааааааааааааааааа
   252 | D:1      | JacquesDerrida: D: D: D:
   303 | D:1      | Reached XP level 2. HP: 17/23 MP: 6/6
   484 | D:1      | JacquesDerrida: Это дерьмо никак не хочет взлететь
   484 | D:1      | JacquesDerrida: Без удачных вещей нереально
   708 | D:1      | stonewall: Да, без бога сложно
   872 | D:1      | Reached skill level 3 in Maces & Flails
  1562 | D:2      | Reached XP level 3. HP: 13/28 MP: 3/9
  2169 | D:3      | Learned a level 3 spell: Spectral Weapon
  2515 | D:3      | Reached skill level 4 in Maces & Flails
  2544 | D:3      | Reached XP level 4. HP: 32/35 MP: 11/11
  3104 | D:3      | Learned a level 2 spell: Shroud of Golubria
  3153 | D:4      | Found a staircase to the Ecumenical Temple.
  3155 | D:4      | Reached skill level 5 in Maces & Flails
  3155 | D:4      | Reached XP level 5. HP: 41/41 MP: 13/13
  3365 | D:4      | Found a deep blue altar of Sif Muna.
  3365 | D:4      | Found a blossoming altar of Fedhas.
  3699 | D:4      | Noticed an orc warrior
  3852 | D:4      | Noticed a phantom
  3897 | D:4      | Killed a phantom
  3897 | D:4      | Reached skill level 6 in Maces & Flails
  3897 | D:4      | Reached XP level 6. HP: 31/48 MP: 5/15
  4002 | D:5      | Entered Level 5 of the Dungeon
  4099 | D:5      | Reached skill level 7 in Maces & Flails
  4478 | D:5      | Reached XP level 7. HP: 46/53 MP: 12/18
  4955 | D:5      | HP: 1/53 [gnoll/halberd (7)]
  5305 | D:6      | Reached skill level 8 in Maces & Flails
  5307 | D:6      | Found a glowing drain.
  5360 | Sewer    | Entered a sewer
  5631 | Sewer    | Found a glowing silver altar of Zin.
  5848 | D:6      | Found a radiant altar of Vehumet.
  5919 | D:6      | Reached skill level 9 in Maces & Flails
  5950 | D:6      | Reached XP level 8. HP: 38/60 MP: 8/18
  6250 | D:6      | Reached skill level 1 in Dodging
  6256 | D:6      | Noticed Rycklaryybbe's ghost (experienced DrTm)
  8159 | D:8      | Noticed Pikel
  8163 | D:7      | Gained mutation: You are partially covered in large bone plates (AC +2, SH +2). [potion of beneficial mutation]
  8327 | D:7      | Killed Pikel
  8327 | D:7      | Reached skill level 10 in Maces & Flails
  8327 | D:7      | Reached XP level 9. HP: 57/66 MP: 14/20
  8359 | D:8      | Noticed a griffon
  8369 | D:8      | Killed a griffon
  8425 | D:8      | Got a twisted morningstar
  8427 | D:8      | Identified the cursed -5,-4 morningstar "Shyt" {crush, Dex+3} (You found it on level 8 of the Dungeon)
  8450 | D:8      | Found a glowing golden altar of the Shining One.
  8503 | D:8      | Reached skill level 5 in Dodging
  8611 | D:8      | Learned a level 3 spell: Regeneration
  9206 | D:9      | Noticed Eustachio
  9221 | D:9      | Killed Eustachio
  9305 | D:9      | Noticed a centaur warrior
  9314 | D:9      | Killed a centaur warrior
  9622 | D:9      | Reached skill level 5 in Fighting
  9622 | D:9      | Reached XP level 10. HP: 57/78 MP: 13/21
 10087 | D:9      | Found a basalt altar of Yredelemnul.
 10087 | D:9      | Found a glowing silver altar of Zin.
 10618 | D:9      | Reached skill level 11 in Maces & Flails
 10760 | D:10     | Entered Level 10 of the Dungeon
 10760 | D:10     | Noticed Nergalle
 11123 | D:10     | Killed Nergalle
 11295 | D:10     | Noticed Erica
 11315 | D:10     | Killed Erica
 11515 | D:10     | Found a staircase to the Orcish Mines.
 11529 | D:10     | Noticed Josephine
 11606 | D:10     | Reached XP level 11. HP: 85/85 MP: 22/22
 11671 | D:10     | Killed Josephine
 11671 | D:10     | Reached skill level 5 in Charms
 11759 | D:10     | Found a shimmering altar of Xom.
 12212 | D:11     | Reached skill level 1 in Armour
 12560 | D:11     | Noticed Joseph
 12576 | D:11     | Killed Joseph
 12673 | D:11     | Found a staircase to the Lair.
 13141 | Lair:1   | Entered Level 1 of the Lair of Beasts
 13141 | Lair:1   | Noticed a six-headed hydra
 14277 | Lair:2   | Got a scintillating granite ring
 14278 | Lair:2   | Identified the ring "Gogot" {rC+ EV+4 Int+1} (You found it on level 2 of the Lair of Beasts)
 14407 | Lair:2   | Got a smoking ring mail
 14409 | Lair:2   | Identified the cursed +4 ring mail of Life {MR++} (You found it on level 2 of the Lair of Beasts)
 14782 | Lair:2   | Noticed a four-headed hydra
 14785 | Lair:2   | JacquesDerrida: С каких пор сраный ворпал меняет бренд?
 14785 | Lair:2   | JacquesDerrida: (((
 14785 | Lair:2   | JacquesDerrida: У меня был электровеник
 14804 | Lair:2   | Killed a four-headed hydra
 15516 | Lair:3   | Found a labyrinth entrance.
 15536 | Lab      | Entered a labyrinth
 15795 | Lab      | Noticed a minotaur
 15814 | Lab      | Killed a minotaur
 15839 | Lab      | Got an iridescent dagger
 15842 | Lab      | Got a crystal long sword
 15849 | Lab      | JacquesDerrida: Набор говна
 15849 | Lab      | JacquesDerrida: Набор юного копрофила
 15863 | Lair:3   | Identified the cursed long sword of Paod {antimagic, Int+3} (You found it in a labyrinth)
 15865 | Lair:3   | Identified the dagger "Mud Pie of Death" {flame, rC- MR++ SInv} (You found it in a labyrinth)
 15888 | Lair:3   | Noticed Fannar
 15972 | Lair:3   | Killed Fannar
 16105 | Lair:2   | stonewall: С недавних времен
 16149 | Lair:1   | Noticed a four-headed hydra
 16150 | Lair:1   | JacquesDerrida: По приколу, видимо
 16158 | Lair:1   | Killed a hydra
 16302 | Lair:1   | stonewall: Ну теперь он не такой бесполезный
 16313 | Lair:1   | JacquesDerrida: Для лука он был обязателен
 16313 | Lair:1   | stonewall: Особенно для трогофагов
 16313 | Lair:1   | JacquesDerrida: (((
 16313 | Lair:1   | stonewall: Вместо ворпала получается рандомный
 16313 | Lair:1   | JacquesDerrida: Давал простые +20% к урону
 16313 | Lair:1   | JacquesDerrida: Лук ивейжена +9!
 16313 | Lair:1   | JacquesDerrida: Теперь лучник в 1000000% случаев пойдет к тсо
 16412 | Lair:1   | Killed a one-headed hydra
 16412 | Lair:1   | Reached XP level 12. HP: 76/95 MP: 15/27
 16626 | Lair:1   | Reached skill level 5 in Spellcasting
 17004 | Lair:3   | Reached skill level 5 in Armour
 17416 | Lair:3   | Found a staircase to the Shoals.
 17974 | Lair:4   | Reached skill level 10 in Dodging
 18929 | Lair:5   | Noticed a six-headed hydra
 18939 | Lair:5   | Killed a two-headed hydra
 18982 | Lair:5   | Noticed an eight-headed hydra
 19008 | Lair:5   | Killed a two-headed hydra
 19398 | Lair:5   | Noticed a seven-headed hydra
 19412 | Lair:5   | Killed a two-headed hydra
 19616 | Lair:5   | Found a hole to the Spider Nest.
 19967 | Lair:6   | Noticed a four-headed hydra
 19991 | Lair:6   | Killed a hydra
 20368 | Lair:6   | Noticed a six-headed hydra
 20383 | Lair:6   | Killed a hydra
 20383 | Lair:6   | Reached skill level 12 in Maces & Flails
 20383 | Lair:6   | Reached XP level 13. HP: 96/104 MP: 24/28
 20444 | Lair:6   | Noticed a four-headed hydra
 20451 | Lair:6   | Killed a hydra
 20742 | Lair:7   | Noticed oinker's ghost (powerful MiGl)
 20800 | Lair:7   | Killed oinker's ghost
 21590 | Lair:8   | Entered Level 8 of the Lair of Beasts
 21590 | Lair:8   | Found a staircase to the Slime Pits.
 21590 | Lair:8   | Found a viscous altar of Jiyva.
 23425 | Lair:8   | Identified the Tome of Attacks (You found it on level 8 of the Lair of Beasts)
 23880 | D:12     | Noticed Urug
 24312 | D:12     | Killed Urug
 24402 | D:12     | Learned a level 2 spell: Blink
 24404 | D:12     | Learned a level 1 spell: Apportation
 24549 | D:13     | Noticed Sonja
 24613 | D:13     | Killed Sonja
 24613 | D:13     | Reached skill level 1 in Throwing
 25619 | D:14     | Entered Level 14 of the Dungeon
 25702 | D:14     | Learned a level 6 spell: Haste
 25713 | D:14     | Reached XP level 14. HP: 112/112 MP: 32/32
 26217 | D:14     | Paralysed by a giant eyeball for 4 turns
 26265 | D:14     | Reached skill level 10 in Charms
 26385 | D:14     | Noticed Nikola
 26569 | Orc:1    | Entered Level 1 of the Orcish Mines
 27433 | Orc:3    | Found Plumioh's Weapon Shop.
 27552 | Orc:4    | Entered Level 4 of the Orcish Mines
 27552 | Orc:4    | Found a staircase to the Elven Halls.
 27574 | Orc:4    | Found a bloodstained altar of Trog.
 29361 | Orc:4    | Reached skill level 13 in Maces & Flails
 30119 | Orc:4    | Found Kiler's Magic Scroll Shoppe.
 30119 | Orc:4    | Found Osaukax's Book Shoppe.
 30119 | Orc:4    | Found Relifite's Jewellery Shoppe.
 30120 | Orc:4    | Found Zilov's Food Emporium.
 30144 | Orc:4    | Bought a scroll of identify for 22 gold pieces
 30144 | Orc:4    | Bought a scroll of fog for 22 gold pieces
 30144 | Orc:4    | Bought a scroll of enchant armour for 60 gold pieces
 30144 | Orc:4    | Bought a scroll of enchant weapon II for 60 gold pieces
 30144 | Orc:4    | Bought a scroll of identify for 22 gold pieces
 30144 | Orc:4    | Bought a scroll of identify for 22 gold pieces
 30544 | D:14     | Found a portal to a secret trove of treasure.
 30988 | D:15     | Entered Level 15 of the Dungeon
 31301 | D:15     | Reached skill level 14 in Maces & Flails
 31362 | D:15     | Found Boeg's Distillery.
 31412 | D:15     | Bought a potion of heal wounds for 48 gold pieces
 31412 | D:15     | Bought a potion of curing for 32 gold pieces
 31412 | D:15     | Bought a potion of resistance for 112 gold pieces
 31585 | D:15     | Found Breadyof's Assorted Antiques.
 31606 | D:15     | Found Rues' Assorted Antiques.
 31992 | D:15     | Found Ceas' Gadget Shop.
 32392 | D:15     | Bought a scroll of enchant armour for 181 gold pieces
 32392 | D:15     | Bought a scroll of enchant armour for 181 gold pieces
 32876 | D:16     | Learned a level 2 spell: Swiftness
 33616 | D:16     | Reached skill level 15 in Maces & Flails
 33735 | D:16     | Found Smusauvo's Book Emporium.
 34368 | D:17     | Found Veadol's Armour Emporium.
 34377 | D:17     | Bought the +0 pair of gloves of the Hart {MR++ Dam+6} for 349 gold pieces
 34878 | D:17     | Reached XP level 15. HP: 114/118 MP: 30/32
 35010 | D:17     | Learned a level 2 spell: Repel Missiles
 35013 | D:17     | Learned a level 2 spell: Freezing Aura
 36066 | D:18     | Reached skill level 16 in Maces & Flails
 36538 | D:19     | Noticed Mara
 36539 | D:19     | Noticed Mara
 36543 | D:19     | Noticed Mara
 36740 | D:19     | Noticed Agnes
 36764 | D:19     | Killed Agnes
 36792 | D:19     | Noticed Mara
 36792 | D:19     | Noticed Mara
 36982 | D:20     | Entered Level 20 of the Dungeon
 37458 | D:20     | Noticed Margery
 37484 | D:20     | Killed Margery
 38090 | D:20     | Found a staircase to the Vaults.
 38341 | D:20     | Found Ipaigaed's Weapon Emporium.
 38647 | D:20     | Found a glowing golden altar of the Shining One.
 38881 | Vaults:1 | Entered Level 1 of the Vaults
 39438 | Vaults:1 | Noticed a storm dragon
 39678 | D:21     | Reached skill level 17 in Maces & Flails
 39833 | D:21     | Found a gateway to Hell.
 39873 | D:21     | Found a one-way gate to the infinite horrors of the Abyss.
 40225 | Vaults:1 | Killed a storm dragon
 40225 | Vaults:1 | Reached XP level 16. HP: 118/128 MP: 21/33
 41377 | Vaults:2 | Reached skill level 18 in Maces & Flails
 41721 | Vaults:2 | Found a staircase to the Enchanted Forest.
 42123 | Vaults:2 | Paralysed by a potion of paralysis for 7 turns
 42142 | Vaults:2 | Found Twiuptam's Book Shop.
 42161 | Vaults:2 | Found Skuppuf's Jewellery Shop.
 42869 | Vaults:2 | Reached skill level 19 in Maces & Flails
 42872 | Vaults:2 | Found Viacigoc's Magical Wand Emporium.
 43530 | Vaults:3 | Noticed Frederick
 43548 | Vaults:3 | Killed Frederick
 43570 | Vaults:3 | Found a staircase to the Hall of Blades.
 43720 | Blade    | Entered the Hall of Blades
 44044 | Blade    | Reached XP level 17. HP: 128/135 MP: 30/34
 44847 | Vaults:3 | Reached skill level 20 in Maces & Flails
 46465 | Vaults:4 | Found Fyakhoy's Distillery.
 46482 | Vaults:4 | Found Thruin's Magic Scroll Boutique.
 46491 | Vaults:4 | Bought a scroll of identify for 38 gold pieces
 46788 | Vaults:4 | Reached skill level 21 in Maces & Flails
 46958 | Vaults:4 | Got an ebony flail
 46961 | Vaults:4 | Identified the flail "Xom's Absentmindedness" {crush, rElec rPois rC- rN+} (You found it on level 4 of the Vaults)
 47177 | Vaults:4 | Reached skill level 10 in Fighting
 48830 | Spider:1 | Entered Level 1 of the Spider Nest
 48884 | Spider:1 | Reached XP level 18. HP: 143/145 MP: 36/36
 49046 | Spider:1 | Got a heavily runed leather armour
 49051 | Spider:1 | Identified the +0 leather armour of Day {Str+2 Dam+4} (You found it on level 1 of the Spider Nest)
 49454 | Spider:2 | Noticed Norris
 49469 | Spider:2 | Killed Norris
 49469 | Spider:2 | Reached skill level 1 in Hexes
 50486 | Spider:3 | Noticed Kirke
 50495 | Spider:3 | Killed Kirke
 50939 | Spider:3 | Got a jade-encrusted chain mail
 50941 | Spider:3 | Identified the +3 chain mail of Lyikeir {rPois MR++} (You found it on level 3 of the Spider Nest)
 51338 | Spider:4 | Noticed Louise
 51376 | Spider:4 | Killed Louise
 51894 | Spider:5 | Entered Level 5 of the Spider Nest
 52686 | Spider:5 | Reached skill level 10 in Armour
 52859 | Spider:5 | Got a gossamer rune of Zot
 53366 | Lair:1   | Learned a level 3 spell: Flight
 53462 | Shoals:1 | Entered Level 1 of the Shoals
 53718 | Shoals:1 | Found Throof's General Store.
 54197 | Vaults:2 | Bought a +0,+9 ring of slaying for 2308 gold pieces
 54859 | Shoals:2 | Found Tiuthros' Book Shoppe.
 55296 | Shoals:3 | Noticed Frances
 55305 | Shoals:3 | Killed Frances
 55712 | Shoals:4 | Found Waipsagu's Antique Weapon Shop.
 55952 | Shoals:5 | Entered Level 5 of the Shoals
 55959 | Shoals:5 | Found Kloepe Team's General Store.
 57102 | Shoals:5 | Noticed Ilsuiw
 57104 | Shoals:5 | Noticed Polyphemus
 57389 | Shoals:4 | Killed Polyphemus
 57593 | Shoals:4 | Reached XP level 19. HP: 156/156 MP: 17/36
 57619 | Shoals:5 | Killed Ilsuiw
 58247 | Shoals:5 | Got a barnacled rune of Zot
 58562 | Shoals:5 | Identified Advanced Steps in Spellcraft (You found it on level 5 of the Shoals)
 59886 | Elf:1    | Entered Level 1 of the Elven Halls
 59953 | Elf:1    | Found a radiant altar of Vehumet.
 60347 | Elf:1    | Learned a level 4 spell: Control Teleport
 60378 | Elf:1    | Noticed Aizul
 62533 | Vaults:2 | Bought a manual of Shields for 1214 gold pieces
 62946 | Elf:1    | Waterpls: г-ди, почему кто-то вообще играет демигодоами
 62970 | Elf:1    | Waterpls: скучно же
 62970 | Elf:1    | JacquesDerrida: По приколу
 62970 | Elf:1    | JacquesDerrida: Потому что полное дерьмо
 62970 | Elf:1    | JacquesDerrida: Хуже героя выбрать нельзя
 62976 | Elf:1    | Waterpls: фелид
 62976 | Elf:1    | JacquesDerrida: Упс
 63130 | Elf:1    | JacquesDerrida: У меня дома два фелида
 63130 | Elf:1    | JacquesDerrida: Плохая концепция
 63160 | Elf:1    | Killed Aizul
 63160 | Elf:1    | Reached skill level 1 in Shields
 63161 | Elf:1    | Waterpls: у меня один
 63253 | Elf:1    | Waterpls: не знаю на счет концепции, но -4 HP это слишком хардкорно
 63279 | Elf:1    | JacquesDerrida: Им ничего сделать нельзя
 63279 | Elf:1    | JacquesDerrida: Неинтересно
 63279 | Elf:1    | JacquesDerrida: И так-то играть не очень
 63279 | Elf:1    | Waterpls: а если добавить сюда и бесполезность большинства вещей
 63279 | Elf:1    | JacquesDerrida: А уж за кошку вообще!
 63295 | Elf:1    | Noticed Maud
 63441 | Elf:1    | Killed Maud
 63537 | Elf:1    | JacquesDerrida: А святой квик блейд это очень хорошо?
 63537 | Elf:1    | JacquesDerrida: А то нашел и пока не уверен
 63537 | Elf:1    | JacquesDerrida: Но вроде да
 63585 | Elf:1    | Found a deep blue altar of Sif Muna.
 63667 | Elf:1    | Reached skill level 5 in Shields
 64044 | Elf:1    | Got a vibrating bone amulet
 64064 | Elf:1    | Learned a level 5 spell: Silence
 64070 | Elf:1    | Identified the amulet "Zofomir" {Ward -Tele +Fly Dex+2} (You found it on level 1 of the Elven Halls)
 64197 | Elf:2    | Reached skill level 1 in Air Magic
 64682 | Elf:2    | Noticed Roxanne
 64881 | Elf:2    | Noticed Donald
 64892 | Elf:2    | Killed Donald
 65040 | Elf:3    | Entered Level 3 of the Elven Halls
 65040 | Elf:3    | Found Ruyngap's Jewellery Shop.
 65042 | Elf:3    | Ruyngap's Jewellery Shop was a mimic.
 65490 | Elf:3    | Reached skill level 5 in Hexes
 65490 | Elf:3    | Reached skill level 5 in Air Magic
 66496 | Elf:3    | Got a steaming lead amulet
 66524 | Elf:3    | Identified the amulet of Opaz {Cons +Rage SInv} (You took it off a deep elf conjurer on level 3 of the Elven Halls)
 67112 | Elf:3    | Identified a cursed +2 rod of frigid destruction (10/10) (You found it on level 3 of the Elven Halls)
 67144 | Elf:3    | Identified a +0 rod of striking (8/8) (You found it on level 3 of the Elven Halls)
 67150 | Elf:3    | Identified the Tome of Bewitchment (You found it on level 3 of the Elven Halls)
 67469 | Elf:3    | Got a flickering platinum ring
 67470 | Elf:3    | Identified the cursed ring of the Genius {-Cast Dex-6 Int+1} (You found it on level 3 of the Elven Halls)
 68199 | Forest:1 | Entered Level 1 of the Enchanted Forest
 68214 | Forest:1 | Reached XP level 20. HP: 105/165 MP: 4/37
 68820 | Forest:1 | Paralysed by a red wasp for 2 turns
 68948 | Forest:1 | Noticed Wiglaf
 68968 | Forest:1 | Killed Wiglaf
 69946 | Forest:2 | Found a staircase to the Tomb.
 70438 | Forest:2 | Reached skill level 10 in Spellcasting
 73160 | Forest:3 | Got a pitted golden amulet
 73161 | Forest:3 | Identified the amulet "Suilaim" {Clar Str-4 Dex-1} (You found it on level 3 of the Enchanted Forest)
 73489 | Forest:4 | Noticed Sojobo
 73522 | Forest:4 | Killed Sojobo
 74816 | Forest:4 | Reached XP level 21. HP: 138/172 MP: 18/39
 75028 | Forest:4 | Noticed Jorgrun
 75041 | Forest:4 | Killed Jorgrun
 75210 | Forest:5 | Entered Level 5 of the Enchanted Forest
 75744 | Forest:5 | Reached skill level 10 in Shields
 76794 | Forest:5 | Found a bloodstained altar of Trog.
 77260 | Forest:5 | Got a ruby-encrusted plate armour
 77261 | Forest:5 | Identified the +5 plate armour of Neezis {Int+3} (You took it off a spriggan on level 5 of the Enchanted Forest)
 78134 | Forest:5 | Identified a +3 rod of frigid destruction (9/9) (You found it on level 5 of the Enchanted Forest)
 78213 | Forest:5 | Paralysed by a spriggan assassin for 4 turns
 78513 | Forest:5 | Reached skill level 1 in Evocations
 78887 | Forest:5 | Noticed the Enchantress
 78888 | Forest:5 | HP: 5/177 [spriggan defender/runed flail[the Enchantress] (17)]
 78888 | Forest:5 | HP: 2/177 [spriggan defender/runed flail[the Enchantress] (3)]
 78889 | Forest:5 | Killed from afar by a dryad

Action                   |  1- 3 |  4- 6 |  7- 9 | 10-12 | 13-15 | 16-18 | 19-21 || total
-------------------------+-------+-------+-------+-------+-------+-------+-------++-------
Melee: Mace              |   136 |    27 |       |       |       |       |       ||   163
       Flail             |    11 |   115 |   313 |       |       |       |       ||   439
       Whip              |       |       |    77 |  1304 |  1770 |       |       ||  3151
       Scimitar          |       |       |       |    32 |     3 |       |       ||    35
       Great mace        |       |       |       |       |   626 |  1705 |   550 ||  2881
       Morningstar       |       |       |       |       |   282 |       |       ||   282
       Demon whip        |       |       |       |       |       |       |  1385 ||  1385
 Fire: Blowgun           |       |     2 |     3 |    14 |     6 |       |       ||    25
Throw: Dart              |       |     2 |     2 |       |       |       |       ||     4
       Javelin           |       |       |       |       |     5 |       |       ||     5
 Cast: Infusion          |     3 |     7 |    19 |    40 |    63 |    12 |    17 ||   161
       Spectral Weapon   |     2 |    12 |    35 |    88 |   200 |   133 |   128 ||   598
       Shroud of Golubri |       |     1 |    14 |    30 |    47 |    13 |    12 ||   117
       Regeneration      |       |       |       |    13 |    88 |    86 |    73 ||   260
       Haste             |       |       |       |       |    14 |    16 |    21 ||    51
       Swiftness         |       |       |       |       |     3 |     6 |     8 ||    17
       Repel Missiles    |       |       |       |       |    14 |    33 |    47 ||    94
       Flight            |       |       |       |       |       |    19 |    29 ||    48
       Silence           |       |       |       |       |       |       |     7 ||     7
       Control Teleport  |       |       |       |       |       |       |     2 ||     2
       Blink             |       |       |       |       |       |       |     1 ||     1
 Abil: Evoke Flight      |       |       |       |       |       |     1 |       ||     1
Evoke: Wand              |       |       |     6 |    31 |    35 |    10 |    21 ||   103
       Miscellaneous     |       |       |       |       |     5 |     6 |     8 ||    19
  Use: Scroll            |     9 |       |    10 |    24 |    20 |    19 |    30 ||   112
       Potion            |       |       |     5 |     8 |     6 |     8 |     6 ||    33
 Stab: Distracted        |     1 |       |     2 |    24 |    44 |    22 |    24 ||   117
       Sleeping          |     1 |       |       |     2 |     4 |     3 |       ||    10
       Paralysed         |       |       |       |    22 |       |       |       ||    22
       Invisible         |       |       |       |     1 |       |       |     3 ||     4
       Fleeing           |       |       |       |       |       |     2 |     1 ||     3
